 Dungeon Sprint DCSS version 0.20.0-10-g0535bb4 (webtiles) character file.

62191 Gorglomux the Hoplite (level 15, -10/148 HPs)
             Began as a Formicid Fighter on June 4, 2017.
             Was the Champion of Jiyva.
             Killed by the raging water
             ... invoked by a water nymph
              (13 damage)
             ... in the Dungeon (Sprint V: "Ziggurat Sprint").
             The game lasted 00:12:31 (722 turns).

Gorglomux the Hoplite (Formicid Fighter)             Turns: 722, Time: 00:12:31

Health: -10/148    AC: 36    Str: 24    XL:     15   Next: 45%
Magic:  15/15      EV: 22    Int: 11    God:    Jiyva [******]
Gold:   0          SH: 43    Dex: 13    Spells: 14/14 levels left

rFire    + . .     SeeInvis +   E - +14 obsidian axe {chop, +Fly SInv *Curse} (curse)
rCold    + + .     Gourm    .   C - +18 shield of the Gong {rElec rN+ MR+ EV-5}
rNeg     + . .     Faith    .   D - +15 Maxwell's patent armour {-Cast -Tele rElec MR+ rCorr}
rPois    .         Spirit   .   (helmet unavailable)
rElec    +         Reflect  +   (no cloak)
rCorr    +         Harm     .   (no gloves)
MR       +++..     NoCast   +   (no boots)
Stlth    ..........             b - brooch of Shielding {Reflect SH+8}
Regen    0.4/turn               p - ring of Conformity {rF+ rC+ EV+4}
MPRegen  0.2/turn               s - ring of Phasing {EV+8}

@: agile, mesmerised, studying Short Blades, very slow
A: permanent stasis, dig shafts and tunnels, four strong arms, antennae 3,
clumsy 1, cold resistance 1, eyeballs 1, gelatinous body 2, tendrils
a: Dig, Request Jelly, Slimify, Cure Bad Mutation, Renounce Religion, Evoke
Flight


You were in the Dungeon.
You worshipped Jiyva.
Jiyva was exalted by your worship.
You were completely stuffed.

You visited 1 branch

Inventory:

Hand Weapons
 a - a +0 war axe
 w - a +5 executioner's axe of venom
 x - a +5 broad axe
 y - the +9 heavy crossbow "Sniper" {velocity, Acc+∞ SInv}
   (You found it in the Dungeon)

   Any bolt fired from it inflicts extra damage.
   It lets you see invisible.
 E - the cursed +14 obsidian axe (weapon) {chop, +Fly SInv *Curse}
   (You found it in the Dungeon)

   It inflicts extra damage upon your enemies.
   It lets you see invisible.
   It lets you fly.
   It curses itself when equipped.
   It has a curse placed upon it.
Armour
 c - a +0 shield
 v - a +3 large shield
 C - the +18 shield of the Gong (worn) {rElec rN+ MR+ EV-5}
   (You found it in the Dungeon)

   It affects your evasion (-5).
   It insulates you from electricity.
   It protects you from negative energy.
   It affects your resistance to hostile enchantments.
 D - the +15 Maxwell's patent armour (worn) {-Cast -Tele rElec MR+ rCorr}
   (You found it in the Dungeon)

   It insulates you from electricity.
   It affects your resistance to hostile enchantments.
   It prevents spellcasting.
   It prevents most forms of teleportation.
   It protects you from acid and corrosion.
Jewellery
 b - the brooch of Shielding (around neck) {Reflect SH+8}
   (You found it in the Dungeon)

   [amulet of reflection]

   It shields you and reflects attacks.
   It affects your SH (+8).
 e - the amulet of Eternal Night {Spirit SInv}
   (You found it in the Dungeon)

   [amulet of guardian spirit]

   It causes incoming damage to be split between your health and magic.
   It lets you see invisible.
 k - a +3 ring of protection
 o - the ring of Altruism {rElec rC++ rN+ Str-2}
   (You found it in the Dungeon)

   [ring of positive energy]

   It affects your strength (-2).
   It greatly protects you from cold.
   It insulates you from electricity.
   It protects you from negative energy.
 p - the ring of Conformity (left hand) {rF+ rC+ EV+4}
   (You found it in the Dungeon)

   [ring of evasion]

   It affects your evasion (+4).
   It protects you from fire.
   It protects you from cold.
 s - the ring of Phasing (right hand) {EV+8}
   (You found it in the Dungeon)

   [ring of evasion]

   It affects your evasion (+8).
 F - a +6 ring of dexterity
 G - a +6 ring of strength
 H - a +6 ring of strength
 J - a +6 ring of intelligence
 K - a +6 ring of intelligence
 M - a +6 ring of dexterity
Wands
 A - a wand of acid (5/15)
 I - a wand of iceblast (5/15)
 L - a wand of lightning (5/15)
Scrolls
 l - 4 scrolls of enchant weapon
 n - a scroll of brand weapon
 q - 3 scrolls of recharging
 t - a scroll of holy word
 B - 4 scrolls of blinking
 O - 2 scrolls of fear
 P - 5 scrolls of remove curse
 R - 5 scrolls of identify
 X - 6 scrolls of fog
Potions
 d - 6 potions of might
 g - 4 potions of heal wounds
 h - 6 potions of haste
 i - 7 potions of magic
 j - 3 potions of berserk rage
 u - 3 potions of agility
 Q - 10 potions of curing
 S - a potion of invisibility
 T - 4 potions of resistance
 Z - 2 potions of brilliance
Books
 m - a manual of Short Blades
 r - a manual of Short Blades
Miscellaneous
 U - 3 boxes of beasts
 V - 3 phantom mirrors
 W - 2 sacks of spiders
 Y - a lamp of fire
Comestibles
 f - 5 bread rations
 z - 4 meat rations
 N - 42 fruits


   Skills:
 + Level 22.9 Fighting
 + Level 21.3 Axes
 + Level 20.1 Armour
 + Level 23.0 Shields


You had 14 spell levels left.
You didn't know any spells.

Dungeon Overview and Level Annotations

Branches:
Dungeon (1/1)

Altars:
Ashenzari
Cheibriados
Dithmenos
Elyvilon
Fedhas
Gozag
Hepliaklqana
Kikubaaqudgha
Makhleb
Nemelex Xobeh
Okawaru
Qazlal
Ru
Sif Muna
Trog
Uskayaw
Vehumet
Xom
Yredelemnul
Zin
The Shining One
Beogh
Jiyva
Lugonu


Innate Abilities, Weirdness & Mutations

You cannot be hasted, slowed, berserked, paralysed or teleported.
You can dig through walls and to a lower floor.
Your four strong arms can wield two-handed weapons with a shield.
You have a pair of large antennae on your head. (SInv)
You are clumsy. (Dex -2)
Your flesh is cold resistant. (rC+)
Your body has grown golden eyes which may confuse attackers. (Acc +3)
Your pliable body absorbs attacks. (AC +2, EV +2)
You are covered in slimy tendrils that may disarm your opponents.


Message History

You kill the cyclops!
You hear a splash.
Your Shields skill increases to level 23!
Visions of slaying the snapping turtle flood into your mind.
You block the merfolk siren's attack.
BONNNG!
The satyr shoots a sling bullet.
The sling bullet hits you!!
* * * LOW HITPOINT WARNING * * *
You hear a splash.
You block the merfolk impaler's attack.
SHROANNG!
You block the snapping turtle's attack.
GONNNNG!
The centaur shoots an arrow.
PANG!
You reflect the arrow off an invisible shield around you!
The arrow hits the centaur!
The water nymph casts a spell at you. The water swirls and strikes you!
You die...

{{{∆∆ { ▓....))().
≈≈.....≈≈≈≈...▓..▓..)...
.....≈≈.≈≈≈.≈.≈▓.▓▓▓.....
≈.≈≈.≈.≈.≈≈..m≈▓..▓......
≈..≈≈≈.≈≈(≈....▓.........
≈..≈≈≈..)m≈.≈.≈▓.........
≈.≈≈.cmt≈t≈.≈ ▓▓▓▓▓▓▓▓▓▓
▓.≈m(k)m▓ ≈ ▓▓.m†@≈▓▓ ≈
.≈.▓≈≈t(3)J▓≈≈≈ ∆
≈..≈..c4(4≈.≈≈≈▓
≈≈≈≈≈≈≈≈(..(≈.≈▓
▓▓▓▓▓▓▓▓▓▓▓▓▓▓▓▓ {
{{∆{∆{∆{{{{{∆


{{{{ {{{{ { {{{{ {{{{{ You could see a merfolk impaler, a satyr, a merfolk
aquamancer, 3 snapping turtles, a wind drake, 2 merfolk, a merfolk siren, a
water nymph, a centaur, a neutral slime creature (fleeing) (fellow slime), a
friendly sun demon and 2 friendly ice devils.

Vanquished Creatures
  A deep elf blademaster (D)
  A deep elf master archer (D)
  A tentacled starspawn (D)
  2 shadow dragons (D)
  3 frost giants (D)
  A very ugly thing (D)
  An entropy weaver (D)
  2 deep elf annihilators (D)
  2 merfolk javelineers (D)
  3 merfolk aquamancers (D)
  2 two-headed ogres (D)
  A dancing weapon (D)
  A thrashing horror (D)
  A hell hog (D)
  A deep elf knight (D)
  4 soul eaters (D)
  A wretched star (D)
  2 sea snakes (D)
  A deep elf archer (D)
  An orc knight (D)
  2 ugly things (D)
  2 orc sorcerers (D)
  A deep elf mage (D)
  A cyclops (D)
  3 black mambas (D)
  A merfolk siren (D)
  2 water nymphs (D)
  A spiny frog (shapeshifter) (D)
  A spiny frog (D)
  4 yaktaurs (D)
  2 komodo dragons (D)
  3 demonic crawlers (D)
  A freezing wraith (D)
  A hellwing (D)
  2 rime drakes (D)
  A tormentor (D)
  5 starcursed masses (D)
  2 ice devils (D)
  A hornet (D)
  A jumping spider (D)
  A polar bear (D)
  3 trolls (D)
  A merfolk (D)
  A blink frog (D)
  A wind drake (shapeshifter) (D)
  2 hippogriffs (D)
  A shadow (D)
  A flying skull (D)
  6 tarantellas (D)
  3 yaks (D)
  2 air elementals (D)
  A large abomination (D)
  2 water elementals (D)
  A wyvern (D)
  2 chaos spawn (D)
  A neqoxec (D)
  A warg (D)
  2 nagas (D)
  An insubstantial wisp (D)
  4 water moccasins (D)
  A floating eye (shapeshifter) (D)
  2 porcupines (D)
  4 orc warriors (D)
  3 small abominations (D)
  2 ogres (D)
  A centaur (D)
  5 crocodiles (D)
  2 bullfrogs (D)
  A scorpion (D)
  3 crimson imps (D)
  A quasit (D)
  6 orc priests (D)
  2 iron imps (D)
  3 orc wizards (D)
  An adder (D)
  A shadow imp (D)
  2 white imps (D)
  An ufetubus (D)
  A spectral adder (D)
  2 adder zombies (D)
  4 adder skeletons (D)
  An adder simulacrum (D)
  An orc (D)
  A spectral bat (D)
  A ball python (D)
  A bat skeleton (D)
  A bat zombie (D)
  A ball python zombie (D)
  A giant cockroach zombie (D)
  3 leopard gecko zombies (D)
  A spectral giant cockroach (D)
  3 starspawn tentacles (D)
169 creatures vanquished.

Vanquished Creatures (collateral kills)
  A deep elf blademaster (D)
  A deep elf master archer (D)
  A tentacled starspawn (D)
  A fire giant (D)
  An orc warlord (D)
  A frost giant (D)
  A stone giant (D)
  An entropy weaver (D)
  2 merfolk javelineers (D)
  A white draconian (D)
  2 merfolk impalers (D)
  A merfolk avatar (D)
  A thrashing horror (D)
  2 soul eaters (D)
  An orc high priest (D)
  3 sea snakes (D)
  An unseen horror (shapeshifter) (D)
  An orc knight (D)
  An orc sorcerer (D)
  2 deep elf magi (D)
  2 draconians (D)
  A black mamba (D)
  A merfolk siren (D)
  A spiny frog (D)
  A rime drake (D)
  3 trolls (D)
  A yaktaur (D)
  A polar bear (D)
  A jumping spider (D)
  A merfolk (D)
  A large abomination (D)
  2 hippogriffs (D)
  A snapping turtle (D)
  A water elemental (D)
  An air elemental (D)
  A tarantella (D)
  A wyvern (D)
  2 insubstantial wisps (D)
  A hell hound (D)
  An orc warrior (D)
  A black bear (D)
  2 wolves (D)
  A centaur (D)
  2 bullfrogs (D)
  2 starcursed masses (D)
  An orc priest (D)
  An orc wizard (D)
  An adder simulacrum (D)
  2 orcs (D)
64 creatures vanquished.

Vanquished Creatures (others)
  A deep elf master archer (D)
  A deep elf knight (D)
  A rime drake (D)
  Prince Ribbit (D)
  Grum (D)
  Menkaure (D)
  8 jellies (D)
  4 starspawn tentacles (D)
18 creatures vanquished.

Grand Total: 251 creatures vanquished

Notes
Turn   | Place    | Note
-------+----------+-------------------------------------------
     0 | D        | Gorglomux the Formicid Fighter began the quest for the Orb.
     0 | D        | Reached XP level 1. HP: 18/18 MP: 1/1
     0 | D        | Found a deep blue altar of Sif Muna.
     0 | D        | Found a sacrificial altar of Ru.
     0 | D        | Found a bloodstained altar of Trog.
     0 | D        | Found a stormy altar of Qazlal.
     0 | D        | Found an iron altar of Okawaru.
     0 | D        | Found a sparkling altar of Nemelex Xobeh.
     0 | D        | Found a blossoming altar of Fedhas.
     1 | D        | Banished a spatial maelstrom
     2 | D        | Found a transporter.
     2 | D        | Found an ancient bone altar of Kikubaaqudgha.
     2 | D        | Found a viscous altar of Jiyva.
     2 | D        | Found a corrupted altar of Lugonu.
     2 | D        | Found a hazy altar of Hepliaklqana.
     2 | D        | Found a burning altar of Makhleb.
     2 | D        | Found an opulent altar of Gozag.
    79 | D        | Reached skill level 5 in Shields
    79 | D        | Reached XP level 2. HP: 27/27 MP: 2/2
    83 | D        | Became a worshipper of Jiyva Jeon the Shapeless
    87 | D        | Reached * piety under Jiyva
    87 | D        | Reached ** piety under Jiyva
    87 | D        | Reached *** piety under Jiyva
    89 | D        | Gained mutation: You are covered in slimy tendrils that may disarm your opponents. [Jiyva's grace]
    89 | D        | Reached **** piety under Jiyva
    89 | D        | Gained mutation: You are partially covered in thin metallic scales. (AC +2) [Jiyva's grace]
    89 | D        | Reached ***** piety under Jiyva
    89 | D        | Gained mutation: You are partially covered in yellow scales. (AC +2) [Jiyva's grace]
    89 | D        | Gained mutation: You have sharp toenails. [Jiyva's grace]
    89 | D        | Reached ****** piety under Jiyva
    89 | D        | Gained mutation: You possess an exceptional clarity of mind. [Jiyva's grace]
    92 | D        | Lost mutation: You are covered in slimy tendrils that may disarm your opponents. [Jiyva's grace]
    92 | D        | Gained mutation: Your translucent skin slightly reduces your foes' accuracy. (Stealth) [Jiyva's grace]
    92 | D        | Gained mutation: Your translucent skin reduces your foes' accuracy. (Stealth) [Jiyva's grace]
    92 | D        | Lost mutation: You have sharp toenails. [Jiyva's grace]
    94 | D        | Lost mutation: You are partially covered in thin metallic scales. (AC +2) [Jiyva's grace]
    94 | D        | Gained mutation: Armour fits poorly on your pseudopods. [Jiyva's grace]
    95 | D        | Gained mutation: Your flesh is heat resistant. (rF+) [Jiyva's grace]
    95 | D        | Gained mutation: Your flesh is very heat resistant. (rF++) [Jiyva's grace]
    98 | D        | Gained mutation: Your system is resistant to poisons. (rPois) [Jiyva's grace]
    98 | D        | Gained mutation: Armour fits poorly on your large pseudopods. [Jiyva's grace]
   101 | D        | Gained mutation: You are partially covered in iridescent scales. (AC +2) [Jiyva's grace]
   105 | D        | Gained mutation: You have acidic saliva. [Jiyva's grace]
   106 | D        | Lost mutation: Your flesh is very heat resistant. (rF++) [Jiyva's grace]
   106 | D        | Gained mutation: You are agile. (Dex +2) [Jiyva's grace]
   108 | D        | Lost mutation: Your translucent skin reduces your foes' accuracy. (Stealth) [Jiyva's grace]
   108 | D        | Lost mutation: Your flesh is heat resistant. (rF+) [Jiyva's grace]
   109 | D        | Gained mutation: You have a small jelly attached to you that senses nearby items. [Jiyva's grace]
   110 | D        | Lost mutation: Your system is resistant to poisons. (rPois) [Jiyva's grace]
   114 | D        | Lost mutation: You have a small jelly attached to you that senses nearby items. [Jiyva's grace]
   115 | D        | Gained mutation: Armour fits poorly on your strangely shaped body. [Jiyva's grace]
   115 | D        | Gained mutation: Your body sometimes deteriorates upon taking damage. [Jiyva's grace]
   116 | D        | Gained mutation: You are robust. (+10% HP) [Jiyva's grace]
   116 | D        | Lost mutation: Your body sometimes deteriorates upon taking damage. [Jiyva's grace]
   116 | D        | Lost mutation: Your translucent skin slightly reduces your foes' accuracy. (Stealth) [Jiyva's grace]
   116 | D        | Gained mutation: You are partially covered in molten scales. (AC +2) [Jiyva's grace]
   116 | D        | Lost mutation: You are partially covered in molten scales. (AC +2) [Jiyva's grace]
   116 | D        | Gained mutation: You have a small jelly attached to you that senses nearby items. [Jiyva's grace]
   116 | D        | Lost mutation: Armour fits poorly on your strangely shaped body. [Jiyva's grace]
   116 | D        | Lost mutation: You have a small jelly attached to you that senses nearby items. [Jiyva's grace]
   116 | D        | Lost mutation: You are partially covered in yellow scales. (AC +2) [Jiyva's grace]
   116 | D        | Lost mutation: You are agile. (Dex +2) [Jiyva's grace]
   116 | D        | Lost mutation: You are robust. (+10% HP) [Jiyva's grace]
   122 | D        | Gained mutation: You have a small jelly attached to you that senses nearby items. [Jiyva's grace]
   127 | D        | Lost mutation: You are partially covered in iridescent scales. (AC +2) [Jiyva's grace]
   132 | D        | Gained mutation: You are resistant to hostile enchantments. (MR+) [Jiyva's grace]
   136 | D        | Entered arena 2.
   136 | D        | Noticed a scorpion
   136 | D        | Noticed a tarantella
   136 | D        | Found a transporter.
   137 | D        | Gained mutation: You are covered in slimy tendrils that may disarm your opponents. [Jiyva's grace]
   139 | D        | Killed a scorpion
   139 | D        | Reached skill level 6 in Fighting
   139 | D        | Reached XP level 3. HP: 35/35 MP: 3/3
   139 | D        | Reached XP level 4. HP: 41/41 MP: 4/4
   141 | D        | Gained mutation: You are frail. (-10% HP) [Jiyva's grace]
   143 | D        | Gained mutation: You are agile. (Dex +2) [Jiyva's grace]
   146 | D        | Killed a tarantella
   146 | D        | Reached skill level 9 in Fighting
   146 | D        | Reached XP level 5. HP: 46/46 MP: 5/5
   146 | D        | Reached XP level 6. HP: 52/52 MP: 6/6
   147 | D        | Gained mutation: Your mind is acute. (Int +2) [Jiyva's grace]
   151 | D        | Gained mutation: Your translucent skin slightly reduces your foes' accuracy. (Stealth) [Jiyva's grace]
   154 | D        | Entered arena 3.
   154 | D        | Noticed a draconian
   154 | D        | Noticed a white draconian
   154 | D        | Noticed a draconian
   154 | D        | Found a transporter.
   158 | D        | Killed a draconian
   158 | D        | Reached XP level 7. HP: 28/61 MP: 7/7
   158 | D        | Lost mutation: You are covered in slimy tendrils that may disarm your opponents. [Jiyva's grace]
   159 | D        | Killed a draconian
   159 | D        | Reached skill level 12 in Fighting
   159 | D        | Reached XP level 8. HP: 55/70 MP: 8/8
   161 | D        | Lost mutation: You are frail. (-10% HP) [Jiyva's grace]
   163 | D        | Killed a white draconian
   163 | D        | Reached skill level 12 in Axes
   167 | D        | Lost mutation: Your mind is acute. (Int +2) [Jiyva's grace]
   168 | D        | Entered arena 4.
   168 | D        | Noticed an air elemental
   168 | D        | Found a transporter.
   170 | D        | Killed an air elemental
   171 | D        | Reached XP level 9. HP: 83/86 MP: 9/9
   172 | D        | Lost mutation: You possess an exceptional clarity of mind. [Jiyva's grace]
   178 | D        | Lost mutation: You are resistant to hostile enchantments. (MR+) [Jiyva's grace]
   180 | D        | Lost mutation: Armour fits poorly on your large pseudopods. [Jiyva's grace]
   184 | D        | Gained mutation: Your spells are a little harder to cast, but a little more powerful. [Jiyva's grace]
   186 | D        | Entered arena 5.
   186 | D        | Found a transporter.
   194 | D        | Gained mutation: Your natural rate of healing is unusually fast. [Jiyva's grace]
   197 | D        | Gained mutation: You possess an exceptional clarity of mind. [Jiyva's grace]
   198 | D        | Entered arena 6.
   198 | D        | Found a transporter.
   203 | D        | Gained mutation: You evolve. [Jiyva's grace]
   209 | D        | Lost mutation: Your spells are a little harder to cast, but a little more powerful. [Jiyva's grace]
   215 | D        | Lost mutation: You are agile. (Dex +2) [Jiyva's grace]
   218 | D        | Entered arena 7.
   218 | D        | Noticed a yaktaur
   218 | D        | Noticed a yaktaur
   218 | D        | Noticed a yaktaur
   218 | D        | Noticed a yaktaur
   218 | D        | Noticed a yaktaur
   219 | D        | Found a transporter.
   219 | D        | Gained mutation: You are agile. (Dex +2) [Jiyva's grace]
   223 | D        | Killed a yaktaur
   223 | D        | Reached skill level 6 in Armour
   223 | D        | Reached skill level 6 in Shields
   223 | D        | Gained mutation: Your translucent skin reduces your foes' accuracy. (Stealth) [Jiyva's grace]
   228 | D        | Killed a yaktaur
   228 | D        | Reached skill level 7 in Shields
   229 | D        | Lost mutation: Your natural rate of healing is unusually fast. [Jiyva's grace]
   229 | D        | Killed a yaktaur
   229 | D        | Reached skill level 15 in Fighting
   231 | D        | Killed a yaktaur
   231 | D        | Reached skill level 8 in Shields
   233 | D        | Killed a yaktaur
   233 | D        | Reached XP level 10. HP: 96/96 MP: 10/10
   233 | D        | Gained mutation: You are very agile. (Dex +4) [Jiyva's grace]
   238 | D        | Entered arena 8.
   238 | D        | Noticed a fire crab
   238 | D        | Noticed a spiny frog
   238 | D        | Noticed a white ugly thing
   238 | D        | Noticed an unseen horror
   238 | D        | Noticed a cyan ugly thing
   239 | D        | Found a transporter.
   239 | D        | Lost mutation: Your translucent skin reduces your foes' accuracy. (Stealth) [Jiyva's grace]
   240 | D        | Killed an unseen horror
   245 | D        | Killed a spiny frog
   245 | D        | Reached skill level 9 in Shields
   245 | D        | Lost mutation: You possess an exceptional clarity of mind. [Jiyva's grace]
   247 | D        | Killed a red ugly thing
   249 | D        | Lost mutation: You have acidic saliva. [Jiyva's grace]
   253 | D        | a fire crab changed into a floating eye
   253 | D        | Gained mutation: You are covered in slimy tendrils that may disarm your opponents. [Jiyva's grace]
   254 | D        | Reached skill level 9 in Armour
   256 | D        | Killed a white ugly thing
   256 | D        | Reached skill level 10 in Shields
   257 | D        | Lost mutation: You evolve. [Jiyva's grace]
   263 | D        | Gained mutation: You are partially covered in large bone plates. (SH +4) [Jiyva's grace]
   266 | D        | Got the ring of Altruism {rElec rC++ rN+ Str-2}
   269 | D        | Entered arena 9.
   269 | D        | Noticed a black mamba
   270 | D        | Found a transporter.
   270 | D        | Gained mutation: You are covered in fur. (AC +1) [Jiyva's grace]
   273 | D        | Lost mutation: Your translucent skin slightly reduces your foes' accuracy. (Stealth) [Jiyva's grace]
   275 | D        | Lost mutation: You are very agile. (Dex +4) [Jiyva's grace]
   275 | D        | Gained mutation: Your flesh is cold resistant. (rC+) [Jiyva's grace]
   275 | D        | Lost mutation: Your flesh is cold resistant. (rC+) [Jiyva's grace]
   276 | D        | Killed a black mamba
   276 | D        | Reached skill level 11 in Shields
   278 | D        | Lost mutation: Armour fits poorly on your pseudopods. [Jiyva's grace]
   289 | D        | Entered arena 10.
   290 | D        | Found a transporter.
   294 | D        | Lost mutation: You are agile. (Dex +2) [Jiyva's grace]
   297 | D        | Reached skill level 15 in Axes
   297 | D        | Reached XP level 11. HP: 105/105 MP: 11/11
   305 | D        | Got the amulet of Eternal Night {Spirit SInv}
   305 | D        | Gained mutation: Your body has grown golden eyes which may confuse attackers. (Acc +3) [Jiyva's grace]
   308 | D        | Entered arena 11.
   309 | D        | Found a transporter.
   314 | D        | Reached skill level 12 in Shields
   316 | D        | Gained mutation: You possess an exceptional clarity of mind. [Jiyva's grace]
   324 | D        | Entered arena 12.
   324 | D        | Noticed a two-headed ogre
   324 | D        | Noticed a stone giant
   324 | D        | Noticed a fire giant
   324 | D        | Killed Menkaure
   325 | D        | Noticed a two-headed ogre
   325 | D        | Noticed a frost giant
   326 | D        | Found a transporter.
   330 | D        | Killed a two-headed ogre
   330 | D        | Reached skill level 13 in Shields
   333 | D        | Killed a stone giant
   334 | D        | Reached skill level 14 in Shields
   335 | D        | Killed a two-headed ogre
   335 | D        | Killed a frost giant
   335 | D        | Gained mutation: Armour fits poorly on your pseudopods. [Jiyva's grace]
   335 | D        | Reached skill level 12 in Armour
   335 | D        | Reached skill level 15 in Shields
   337 | D        | Killed a fire giant
   344 | D        | Entered arena 13.
   344 | D        | Noticed a sea snake
   344 | D        | Noticed a merfolk javelineer
   344 | D        | Noticed a merfolk siren
   344 | D        | Noticed a sea snake
   345 | D        | Noticed a sea snake
   345 | D        | Noticed a merfolk avatar
   345 | D        | Noticed a merfolk impaler
   345 | D        | Noticed a merfolk javelineer
   345 | D        | Noticed a merfolk javelineer
   346 | D        | Found a transporter.
   346 | D        | Killed a sea snake
   346 | D        | Lost mutation: You possess an exceptional clarity of mind. [Jiyva's grace]
   350 | D        | Killed a sea snake
   351 | D        | Killed a sea snake
   351 | D        | Reached skill level 16 in Shields
   351 | D        | Reached XP level 12. HP: 116/116 MP: 12/12
   357 | D        | Killed a merfolk javelineer
   357 | D        | Reached skill level 18 in Fighting
   357 | D        | Killed a merfolk javelineer
   360 | D        | Killed a merfolk impaler
   360 | D        | Reached skill level 17 in Shields
   361 | D        | Lost mutation: Your body has grown golden eyes which may confuse attackers. (Acc +3) [Jiyva's grace]
   361 | D        | Killed a merfolk javelineer
   367 | D        | Killed a merfolk avatar
   367 | D        | Killed Prince Ribbit
   371 | D        | Got the ring of Conformity {rF+ rC+ EV+4}
   372 | D        | Gained mutation: You have a beak for a mouth. [Jiyva's grace]
   376 | D        | Entered arena 14.
   377 | D        | Noticed an orc warlord
   383 | D        | Found a transporter.
   386 | D        | Gained mutation: You are agile. (Dex +2) [Jiyva's grace]
   394 | D        | Killed an orc warlord
   399 | D        | Gained mutation: Your spells are a little harder to cast, but a little more powerful. [Jiyva's grace]
   409 | D        | Entered arena 15.
   409 | D        | Gained mutation: You are resistant to hostile enchantments. (MR+) [Jiyva's grace]
   410 | D        | Noticed a frost giant
   410 | D        | Noticed a frost giant
   412 | D        | Noticed a frost giant
   413 | D        | Found a transporter.
   414 | D        | Reached skill level 18 in Shields
   421 | D        | Killed a frost giant
   421 | D        | Reached XP level 13. HP: 96/125 MP: 13/13
   424 | D        | Killed a frost giant
   424 | D        | Reached skill level 15 in Armour
   431 | D        | Killed a frost giant
   431 | D        | Reached skill level 18 in Axes
   432 | D        | Gained mutation: You are partially covered in thin metallic scales. (AC +2) [Jiyva's grace]
   440 | D        | Entered arena 16.
   443 | D        | Noticed an entropy weaver
   443 | D        | Noticed an entropy weaver
   446 | D        | Gained mutation: You are very agile. (Dex +4) [Jiyva's grace]
   446 | D        | Gained mutation: You possess an exceptional clarity of mind. [Jiyva's grace]
   448 | D        | Gained mutation: Your muscles are strong. (Str +2) [Jiyva's grace]
   448 | D        | Gained mutation: You have acidic saliva. [Jiyva's grace]
   449 | D        | Lost mutation: Your muscles are strong. (Str +2) [Jiyva's grace]
   449 | D        | Lost mutation: Armour fits poorly on your pseudopods. [Jiyva's grace]
   450 | D        | Reached skill level 19 in Shields
   451 | D        | Gained mutation: You have a small jelly attached to you that may absorb incoming projectiles. [Jiyva's grace]
   452 | D        | Lost mutation: You have a beak for a mouth. [Jiyva's grace]
   452 | D        | Lost mutation: You have a small jelly attached to you that may absorb incoming projectiles. [Jiyva's grace]
   453 | D        | Killed an entropy weaver
   453 | D        | Gained mutation: Your translucent skin slightly reduces your foes' accuracy. (Stealth) [Jiyva's grace]
   453 | D        | Lost mutation: You possess an exceptional clarity of mind. [Jiyva's grace]
   453 | D        | Gained mutation: Your spells are harder to cast, but more powerful. [Jiyva's grace]
   454 | D        | Found a transporter.
   454 | D        | Lost mutation: You are resistant to hostile enchantments. (MR+) [Jiyva's grace]
   454 | D        | Gained mutation: You have large cloven feet. [Jiyva's grace]
   456 | D        | Gained mutation: Your muscles are strong. (Str +2) [Jiyva's grace]
   456 | D        | Lost mutation: You are very agile. (Dex +4) [Jiyva's grace]
   456 | D        | Gained mutation: Armour fits poorly on your pseudopods. [Jiyva's grace]
   457 | D        | Killed an entropy weaver
   459 | D        | Gained mutation: You possess an exceptional clarity of mind. [Jiyva's grace]
   459 | D        | Lost mutation: Your spells are harder to cast, but more powerful. [Jiyva's grace]
   462 | D        | Lost mutation: You are agile. (Dex +2) [Jiyva's grace]
   462 | D        | Lost mutation: You are partially covered in thin metallic scales. (AC +2) [Jiyva's grace]
   462 | D        | Gained mutation: Your spells are harder to cast, but more powerful. [Jiyva's grace]
   462 | D        | Gained mutation: You have sharp fingernails. [Jiyva's grace]
   463 | D        | Gained mutation: You are robust. (+10% HP) [Jiyva's grace]
   464 | D        | Lost mutation: You are partially covered in large bone plates. (SH +4) [Jiyva's grace]
   464 | D        | Lost mutation: Your spells are harder to cast, but more powerful. [Jiyva's grace]
   464 | D        | Lost mutation: You have a small jelly attached to you that senses nearby items. [Jiyva's grace]
   466 | D        | Lost mutation: You have acidic saliva. [Jiyva's grace]
   466 | D        | Gained mutation: You are partially covered in molten scales. (AC +2) [Jiyva's grace]
   467 | D        | Lost mutation: Your spells are a little harder to cast, but a little more powerful. [Jiyva's grace]
   468 | D        | Entered arena 17.
   468 | D        | Gained mutation: You have hoof-like feet. [Jiyva's grace]
   469 | D        | Gained mutation: Your body has grown golden eyes which may confuse attackers. (Acc +3) [Jiyva's grace]
   469 | D        | Gained mutation: Your rubbery body absorbs attacks. (AC +1, EV +1) [Jiyva's grace]
   470 | D        | Gained mutation: Your pliable body absorbs attacks. (AC +2, EV +2) [Jiyva's grace]
   471 | D        | Lost mutation: You are robust. (+10% HP) [Jiyva's grace]
   472 | D        | Lost mutation: You possess an exceptional clarity of mind. [Jiyva's grace]
   473 | D        | Gained mutation: Your flesh is cold resistant. (rC+) [Jiyva's grace]
   474 | D        | Gained mutation: You are agile. (Dex +2) [Jiyva's grace]
   474 | D        | Gained mutation: Your flesh is very cold resistant. (rC++) [Jiyva's grace]
   475 | D        | Lost mutation: You are agile. (Dex +2) [Jiyva's grace]
   477 | D        | Lost mutation: You are covered in fur. (AC +1) [Jiyva's grace]
   479 | D        | Gained mutation: You have a small jelly attached to you that senses nearby items. [Jiyva's grace]
   479 | D        | Gained mutation: You possess an exceptional clarity of mind. [Jiyva's grace]
   479 | D        | Gained mutation: You have hooves in place of feet. [Jiyva's grace]
   480 | D        | Lost mutation: You have sharp fingernails. [Jiyva's grace]
   484 | D        | Found a transporter.
   486 | D        | Lost mutation: Your muscles are strong. (Str +2) [Jiyva's grace]
   498 | D        | Entered arena 18.
   499 | D        | Lost mutation: You possess an exceptional clarity of mind. [Jiyva's grace]
   507 | D        | Lost mutation: You are covered in slimy tendrils that may disarm your opponents. [Jiyva's grace]
   519 | D        | Found a transporter.
   523 | D        | Gained mutation: You have an increased reservoir of magic. (+10% MP) [Jiyva's grace]
   529 | D        | Entered arena 19.
   532 | D        | Noticed a deep elf master archer
   532 | D        | Noticed a deep elf master archer
   533 | D        | Noticed a deep elf annihilator
   533 | D        | Noticed a deep elf blademaster
   533 | D        | Noticed a deep elf master archer
   533 | D        | Noticed a deep elf annihilator
   534 | D        | Noticed a deep elf blademaster
   534 | D        | Found a transporter.
   538 | D        | Reached skill level 20 in Shields
   543 | D        | Killed a deep elf master archer
   543 | D        | Reached XP level 14. HP: 118/136 MP: 15/15
   546 | D        | Killed a deep elf master archer
   546 | D        | Killed a deep elf annihilator
   546 | D        | Reached skill level 21 in Fighting
   546 | D        | Lost mutation: You have hooves in place of feet. [Jiyva's grace]
   550 | D        | Killed a deep elf blademaster
   550 | D        | Killed a deep elf blademaster
   550 | D        | Reached skill level 18 in Armour
   550 | D        | Reached skill level 21 in Shields
   553 | D        | Killed a deep elf master archer
   556 | D        | Killed a deep elf annihilator
   567 | D        | Lost mutation: Armour fits poorly on your pseudopods. [Jiyva's grace]
   568 | D        | Entered arena 20.
   573 | D        | Noticed a shadow dragon
   574 | D        | Noticed a shadow dragon
   579 | D        | Lost mutation: You have an increased reservoir of magic. (+10% MP) [Jiyva's grace]
   581 | D        | Killed Grum
   591 | D        | Killed a shadow dragon
   592 | D        | Lost mutation: You have hoof-like feet. [Jiyva's grace]
   598 | D        | Killed a shadow dragon
   602 | D        | Found a transporter.
   605 | D        | Gained mutation: You are robust. (+10% HP) [Jiyva's grace]
   618 | D        | Gained mutation: Your spells are a little harder to cast, but a little more powerful. [Jiyva's grace]
   625 | D        | Lost mutation: Your spells are a little harder to cast, but a little more powerful. [Jiyva's grace]
   625 | D        | Gained mutation: Your body has grown many golden eyes which may confuse attackers. (Acc +5) [Jiyva's grace]
   626 | D        | Entered arena 21.
   627 | D        | Gained mutation: You possess an exceptional clarity of mind. [Jiyva's grace]
   627 | D        | Gained mutation: Your translucent skin reduces your foes' accuracy. (Stealth) [Jiyva's grace]
   629 | D        | Gained mutation: You have hoof-like feet. [Jiyva's grace]
   630 | D        | Noticed a starcursed mass
   631 | D        | Lost mutation: You have hoof-like feet. [Jiyva's grace]
   633 | D        | Gained mutation: You are agile. (Dex +2) [Jiyva's grace]
   634 | D        | Noticed a white very ugly thing
   636 | D        | Noticed a tentacled starspawn
   636 | D        | Lost mutation: Your flesh is very cold resistant. (rC++) [Jiyva's grace]
   639 | D        | Gained mutation: Your transparent skin significantly reduces your foes' accuracy. (Stealth) [Jiyva's grace]
   640 | D        | Noticed a tentacled starspawn
   641 | D        | Killed a white very ugly thing
   642 | D        | Reached skill level 22 in Shields
   642 | D        | Gained mutation: You are covered in fur. (AC +1) [Jiyva's grace]
   649 | D        | Lost mutation: You are covered in fur. (AC +1) [Jiyva's grace]
   649 | D        | Lost mutation: Your transparent skin significantly reduces your foes' accuracy. (Stealth) [Jiyva's grace]
   651 | D        | Reached XP level 15. HP: 28/160 MP: 12/15
   651 | D        | Killed a tentacled starspawn
   654 | D        | Gained mutation: Your spells are a little harder to cast, but a little more powerful. [Jiyva's grace]
   655 | D        | Killed a tentacled starspawn
   656 | D        | Gained mutation: Armour fits poorly on your pseudopods. [Jiyva's grace]
   658 | D        | Gained mutation: Scrolls take you a little longer to read. [a neqoxec]
   660 | D        | Lost mutation: Your spells are a little harder to cast, but a little more powerful. [Jiyva's grace]
   660 | D        | Lost mutation: You are agile. (Dex +2) [Jiyva's grace]
   664 | D        | Gained mutation: You are partially covered in iridescent scales. (AC +2) [Jiyva's grace]
   664 | D        | Lost mutation: You are robust. (+10% HP) [Jiyva's grace]
   673 | D        | Found a transporter.
   675 | D        | Lost mutation: Your translucent skin reduces your foes' accuracy. (Stealth) [Jiyva's grace]
   676 | D        | Lost mutation: You have a small jelly attached to you that senses nearby items. [Jiyva's grace]
   677 | D        | Lost mutation: You are partially covered in molten scales. (AC +2) [Jiyva's grace]
   679 | D        | Lost mutation: Your translucent skin slightly reduces your foes' accuracy. (Stealth) [Jiyva's grace]
   684 | D        | Lost mutation: Scrolls take you a little longer to read. [Jiyva's grace]
   684 | D        | Gained mutation: You have a small jelly attached to you that may absorb incoming projectiles. [Jiyva's grace]
   689 | D        | Lost mutation: Your pliable body absorbs attacks. (AC +2, EV +2) [Jiyva's grace]
   691 | D        | Entered arena 22.
   693 | D        | Lost mutation: You have a small jelly attached to you that may absorb incoming projectiles. [Jiyva's grace]
   693 | D        | Lost mutation: Your flesh is cold resistant. (rC+) [Jiyva's grace]
   693 | D        | Gained mutation: You have a small jelly attached to you that senses nearby items. [Jiyva's grace]
   697 | D        | Gained mutation: Your flesh is cold resistant. (rC+) [Jiyva's grace]
   701 | D        | Reached skill level 21 in Axes
   701 | D        | Lost mutation: You have a small jelly attached to you that senses nearby items. [Jiyva's grace]
   705 | D        | Lost mutation: You possess an exceptional clarity of mind. [Jiyva's grace]
   708 | D        | Gained mutation: You are robust. (+10% HP) [Jiyva's grace]
   708 | D        | Gained mutation: Your pliable body absorbs attacks. (AC +2, EV +2) [Jiyva's grace]
   708 | D        | Gained mutation: Armour fits poorly on your large pseudopods. [Jiyva's grace]
   708 | D        | Lost mutation: Armour fits poorly on your large pseudopods. [Jiyva's grace]
   710 | D        | Lost mutation: Armour fits poorly on your pseudopods. [Jiyva's grace]
   712 | D        | Gained mutation: You are covered in slimy tendrils that may disarm your opponents. [Jiyva's grace]
   712 | D        | Lost mutation: Your body has grown many golden eyes which may confuse attackers. (Acc +5) [Jiyva's grace]
   713 | D        | HP: 8/162 [merfolk impaler/trident of distortion (7)]
   713 | D        | HP: 2/162 [snapping turtle (6)]
   713 | D        | Lost mutation: You are partially covered in iridescent scales. (AC +2) [Jiyva's grace]
   716 | D        | Lost mutation: You have large cloven feet. [Jiyva's grace]
   716 | D        | Lost mutation: You are robust. (+10% HP) [Jiyva's grace]
   719 | D        | HP: 7/148 [snapping turtle (11)]
   720 | D        | Gained mutation: You are clumsy. (Dex -2) [Jiyva's grace]
   722 | D        | Reached skill level 23 in Shields
   722 | D        | HP: 3/148 [satyr/sling bullet (30)]
   722 | D        | Killed from afar by a water nymph

Skill      XL: |  1  2  3  4  5  6  7  8  9 10 11 12 13 14 15 |
---------------+----------------------------------------------+-----
Fighting       | 5 6 9 11 12 13 15 16 17 19 20 22 | 22.9
Axes           | 4 5 8 10 11 12 14 15 16 17 19 20 21 | 21.3
Armour         | 5 7 10 12 14 17 19 20 | 20.1
Shields        | 5 8 11 16 18 20 22 23 | 23.0

Action                   |  1- 3 |  4- 6 |  7- 9 | 10-12 | 13-15 || total
-------------------------+-------+-------+-------+-------+-------++-------
Melee: Broad axe         |     2 |     9 |    31 |    84 |   149 ||   275
       Pseudopods        |       |     1 |     4 |    13 |    14 ||    32
       Bite              |       |     1 |     4 |     1 |     1 ||     7
       Peck              |       |       |       |     6 |     4 ||    10
       Kick              |       |       |       |       |    31 ||    31
Invok: Slimify           |       |       |     1 |       |     1 ||     2
       Request Jelly     |       |       |       |       |     2 ||     2
  Use: Potion            |     2 |     2 |       |     1 |     7 ||    12
       Scroll            |       |       |       |       |     2 ||     2
 Stab: Invisible         |       |     1 |     2 |       |       ||     3
       Distracted        |       |       |       |     1 |     3 ||     4
       Confused          |       |       |       |       |     2 ||     2
Armor: Plate armour      |     1 |     3 |    11 |    31 |    58 ||   104
Dodge: Dodged            |     1 |       |    10 |    16 |    69 ||    96
Block: Shield            |     2 |    14 |    60 |   146 |   323 ||   545
       Reflection        |       |       |       |     8 |    20 ||    28
